Map: Golden Wall LE

Players

SpeCial

  • Race: Terran Terran
  • Spawn Location: 7:00

Cham - Winner!

  • Race: Zerg Zerg
  • League: Grandmaster
  • Spawn Location: 5:00

Event: DreamHack SC2 Masters 2020 Fall

VOD

Have the link to the VOD?

Description

Time

  • Played on: Aug. 30, 2020, 5:57 p.m.
  • Length: 8:24

All games in this series

Show
View Real Time Build Order
Export as new Build Order

SpeCial Terran 

Build Orders: Reaper Expand 

Get SALT Encoding   

  12  0:00  SCV  
  13  0:12  SCV  
  14  0:17  Supply Depot  
  14  0:24  SCV  
  15  0:39  SCV  
  15  0:40  Barracks  
  16  0:43  Refinery  
  16  0:51  SCV  
  17  1:03  SCV  
  18  1:15  SCV  
  19  1:28  Orbital Command, Reaper  
  20  1:40  Command Center  
  20  1:49  Supply Depot  
  20  1:54  SCV  
  20  2:00  Marine  
  22  2:06  Factory  
  22  2:07  SCV  
  23  2:20  SCV  
  25  2:25  Barracks Reactor  
  24  2:32  SCV  
  25  2:40  Command Center  
  25  2:44  SCV  
  26  2:52  Orbital Command  
  26  2:56  SCV  
  27  2:59  Starport  
  27  3:09  SCV  
  27  3:10  Hellion  
  30  3:13  Hellion  
  30  3:16  Marine  
  30  3:19  SCV  
  34  3:23  SCV  
  35  3:32  SCV  
  36  3:35  SCV  
  36  3:37  Refinery  
  36  3:38  Viking  
  39  3:42  Hellion x2  
  39  3:44  Barracks Tech Lab  
  39  3:45  SCV  
  39  3:47  SCV  
  45  3:54  Orbital Command  
  45  3:55  Supply Depot  
  45  3:58  SCV  
  45  3:59  SCV  
  47  4:05  Marine  
  48  4:12  SCV x2  
  50  4:19  Starport Reactor  
  50  4:23  Barracks, Supply Depot  
  50  4:25  SCV  
  50  4:26  Barracks  
  50  4:28  SCV  
  52  4:34  Factory Tech Lab  
  52  4:37  Marine  
  53  4:39  Bunker, SCV x2  
  53  4:41  SCV  
  56  4:53  Bunker, Siege Tank  
  56  4:55  Supply Depot  
  56  4:57  Marine  
  60  5:01  SCV x3  
  63  5:07  Medivac  
  63  5:08  Bunker  
  63  5:11  Marine  
  63  5:13  Supply Depot  
  66  5:21  Marine  
  66  5:26  Siege Tank  
  69  5:33  Marine x2  
  70  5:37  Barracks  
  70  5:38  Barracks  
  70  5:41  Barracks Tech Lab  
  70  5:44  Medivac  
  72  5:51  Marine  
  72  5:52  Supply Depot  
  72  5:56  Marine  
  72  5:58  SCV x3  
  72  5:59  Barracks  
  72  6:00  Barracks, Refinery  
  72  6:02  Refinery  
  72  6:03  Marine  
  76  6:09  Marine  
  76  6:10  SCV x2  
  76  6:12  Siege Tank  
  77  6:20  Marine  
  77  6:22  Barracks Tech Lab  
  77  6:24  SCV x3  
  81  6:26  Marine  
  81  6:29  Marine x2  
  84  6:36  SCV  
  84  6:38  SCV x2, Marine  
  88  6:40  Marine  
  88  6:44  Marine  
  88  6:45  Siege Tank  
  88  6:46  Marine  
  88  6:47  Marine  
  81  6:56  Marine  
  81  6:58  Marine  
  81  7:00  SCV  
  81  7:02  Marine  
  81  7:04  Marine x2  
  79  7:10  SCV  
  79  7:14  Marine  
  72  7:16  Marine  
  72  7:17  Siege Tank, Marine x2  
  72  7:20  Marine  
  72  7:22  Marine x2  
  76  7:32  Marine  
  76  7:33  Marine  
  75  7:39  Marine x3  
  75  7:40  Marine x2  
  75  7:42  SCV x2  
  56  7:49  Siege Tank, Marine  
  59  7:51  Marine  
  59  7:56  Marine  
  59  7:57  Marine x2  
  59  7:58  Marine x2  
Show
View Real Time Build Order
Export as new Build Order

Cham Zerg - Winner!

Build Orders: Hatch First, Swarm Host 

Get SALT Encoding   

  12  0:00  Drone  
  13  0:08  Drone  
  14  0:18  Overlord  
  14  0:36  Drone x2  
  16  0:50  Hatchery  
  16  0:53  Drone  
  16  0:55  Drone  
  17  0:59  Drone  
  18  1:09  Extractor  
  17  1:15  Spawning Pool  
  17  1:18  Drone  
  17  1:22  Drone  
  18  1:31  Drone  
  19  1:42  Drone  
  20  1:51  Overlord  
  20  2:01  Queen  
  20  2:02  Queen  
  20  2:03  Zergling x4  
  26  2:15  Drone x2  
  28  2:24  Overlord  
  28  2:27  Drone  
  29  2:35  Drone x2  
  31  2:39  Lair  
  31  2:41  Extractor  
  30  2:45  Queen  
  30  2:46  Drone x2  
  34  2:57  Drone x2  
  36  3:06  Overlord  
  36  3:08  Drone  
  36  3:12  Drone x3  
  40  3:15  Drone  
  40  3:18  Drone x2  
  43  3:20  Drone  
  46  3:28  Drone  
  46  3:31  Drone  
  46  3:33  Extractor  
  45  3:35  Drone  
  45  3:41  Drone  
  47  3:44  Infestation Pit  
  47  3:45  Drone  
  47  3:47  Extractor  
  47  3:48  Drone x6  
  52  3:59  Nydus Network  
  52  4:00  Spore Crawler  
  50  4:04  Drone, Overlord  
  51  4:14  Overlord  
  51  4:22  Swarm Host x3  
  60  4:28  Roach Warren  
  59  4:32  Swarm Host x2  
  59  4:33  Swarm Host  
  68  4:42  Overlord x2  
  67  4:48  Overlord  
  67  4:55  Evolution Chamber  
  67  4:56  Nydus Canal  
  67  4:57  Overlord  
  67  4:58  Evolution Chamber  
  65  5:00  Swarm Host  
  65  5:02  Swarm Host  
  71  5:07  Swarm Host  
  74  5:15  Swarm Host x2  
  74  5:18  Overlord  
  82  5:28  Roach x4  
  88  5:38  Roach x3  
  88  5:39  Roach  
  96  5:43  Roach  
  98  5:51  Roach  
  98  5:52  Overlord  
  100  6:00  Nydus Canal  
  100  6:03  Overlord  
  100  6:04  Overlord  
  100  6:12  Roach x4  
  100  6:17  Glial Reconstitution, Zerg Missile Weapons Level 1  
  108  6:31  Zergling x2  
  108  6:32  Metabolic Boost, Zergling x4  
  111  6:33  Queen  
  111  6:34  Zergling x2  
  111  6:36  Zergling x2  
  115  6:43  Ravager x2  
  115  6:44  Zergling x2  
  118  6:47  Zergling x2  
  119  7:02  Ravager  
  118  7:12  Zergling x8  
  118  7:17  Queen  
  118  7:18  Ravager, Nydus Canal  
  118  7:22  Roach  
  121  7:41  Roach  
  122  7:44  Zergling x2  
  122  7:45  Zergling x6  
  122  7:52  Roach  
  122  7:56  Overlord  
  124  8:00  Nydus Canal  
  124  8:04  Ravager  

Tags
 
Add a new tag
Caveats
  • Supply blocks, unpowered buildings, or Contaminate may cause inaccurate times.
  • Supply counts are checked every 10 seconds.